 Dungeon Crawl Stone Soup version 0.32-a0-672-gff75c0dad8 (webtiles) character file.

Game seed: 168340317766777287

14648 fly the Unseen (level 12, -25/72 HPs)
             Began as a Kobold Delver on Mar 10, 2024.
             Was a Believer of Uskayaw.
             Killed by an exploding six-headed hydra (60 damage)
             ... ignited by their inner flame
             ... on level 11 of the Dungeon.
             The game lasted 00:20:17 (11779 turns).

fly the Unseen (Kobold Delver)                     Turns: 11779, Time: 00:20:18

Health: -25/72     AC: 12    Str: 10    XL:     12   Next: 47%
Magic:  16/16      EV: 20    Int: 11    God:    Uskayaw [**....]
Gold:   595        SH: 10    Dex: 21    Spells: 11/11 levels left

rFire   . . .        a - +1 dagger (venom)
rCold   . . .        v - +0 kite shield
rNeg    . . .        y - +1 steam dragon scales
rPois   .            e - +0 helmet
rElec   .            q - +2 cloak
rCorr   +            r - +0 pair of gloves
SInv    .            o - +0 pair of boots
Will    .....        (no amulet)
Stlth   +++++++      w - ring of flight
HPRegen 0.32/turn    G - ring of resist corrosion
MPRegen 0.15/turn

%: no passive effects
@: flying, studying Ranged Weapons
A: small, no large weapons, nightstalker 3
a: Renounce Religion, Stomp, Line Pass


You were on level 11 of the Dungeon.
You worshipped Uskayaw.
Uskayaw was noncommittal.
You visited 2 branches of the dungeon, and saw 12 of its levels.
You also visited: Ossuary.

You collected 595 gold pieces.

Inventory:

Hand Weapons
 a - a +1 dagger of venom (weapon)
 b - a +1 long sword of flaming
Missiles
 D - 7 throwing nets
 P - 4 atropa-tipped darts (quivered)
Armour
 e - a +0 helmet (worn)
 o - a +0 pair of boots (worn)
 q - a +2 cloak (worn)
 r - a +0 pair of gloves (worn)
 v - a +0 kite shield (worn)
 x - a +1 robe of cold resistance
 y - +1 steam dragon scales (worn)
Jewellery
 w - a ring of flight (left hand)
 G - a ring of resist corrosion (right hand)
 I - a ring of wizardry
 M - a ring of ice
Wands
 g - a wand of digging (3)
 h - a wand of mindburst (3)
 H - a wand of polymorph (4)
 Q - a wand of acid (1)
Scrolls
 c - a scroll of fog
 d - 2 scrolls of revelation
 j - 3 scrolls of noise
 m - 2 scrolls of enchant armour
 n - a scroll of brand weapon
 s - 2 scrolls of enchant weapon
 u - 4 scrolls of vulnerability
 E - 2 scrolls of fear
 K - a scroll of torment
 L - a scroll of poison
 O - a scroll of amnesia
 S - 2 scrolls of teleportation
Potions
 f - 4 potions of mutation {unknown}
 i - 3 potions of enlightenment
 k - 4 potions of heal wounds
 l - 3 potions of resistance {unknown}
 p - 2 potions of attraction {unknown}
 t - 4 potions of might
 z - a potion of cancellation {unknown}
 A - 2 potions of curing
 B - 3 potions of brilliance {unknown}
 C - a potion of ambrosia {unknown}
 F - a potion of degeneration {unknown}
 R - a potion of haste
 T - a potion of lignification {unknown}


   Skills:
 + Level 7.3 Fighting
 + Level 11.3 Short Blades
 + Level 10.7 Ranged Weapons
 + Level 10.4 Dodging
 + Level 15.8 Stealth
 + Level 4.2 Shields
 + Level 6.1 Invocations


You had 11 spell levels left.
You didn't know any spells.
Your spell library contained the following spells:

 Spells                   Type           Power      Damage    Failure   Level
 Magic Dart               Conj           0%         1d3       83%         1
 Slow                     Hex            0%         N/A       83%         1
 Blink                    Tloc           0%         N/A       92%         2
 Call Imp                 Summ           0%         N/A       92%         2
 Confusing Touch          Hex            0%         N/A       99%         3
 Sigil of Binding         Hex            0%         N/A       99%         3
 Vampiric Draining        Necr           0%         2d6       99%         3
 Chain Lightning          Conj/Air       0%         N/A       100%        9
 Fire Storm               Conj/Fire      0%         5d1       100%        9
 Shatter                  Erth           0%         3d5*      100%        9


Dungeon Overview and Level Annotations

Branches:
Dungeon (11/15)            Temple (1/1) D:6            Lair (0/5) D:8
    Orc (0/2) D:10        Ossuary (visited)

Altars:
Ashenzari
Cheibriados
Dithmenos
Elyvilon
Fedhas
Gozag
Hepliaklqana
Kikubaaqudgha
Makhleb
Nemelex Xobeh
Okawaru
Qazlal
Ru
Sif Muna
Trog
Uskayaw
Vehumet
Wu Jian
Xom
Yredelemnul
Zin
The Shining One

Shops:
D:7 *   D:11 [


Innate Abilities, Weirdness & Mutations

You are small and have problems with some larger weapons.
You are completely attuned to the shadows.


Message History

Flame seeps out of the wraith.
You hit the six-headed hydra.
Flame seeps out of the six-headed hydra.
The six-headed hydra is moderately wounded.
Flame seeps out of the orc knight.
The six-headed hydra is engulfed in blazing flames.
Flame seeps out of the six-headed hydra.
The six-headed hydra closely misses you.
The six-headed hydra misses you.
You block the six-headed hydra's attack. x3
The six-headed hydra closely misses you.
The laughing skull is engulfed in blazing flames.
You can now pass through a line of other dancers.
You hit the six-headed hydra.
Flame seeps out of the six-headed hydra.
The six-headed hydra is heavily wounded.
Flame seeps out of the orc knight.
The orc knight is engulfed in blazing flames.
Flame seeps out of the orc knight.
The wraith is engulfed in blazing flames.
The wraith explodes!
The fiery explosion engulfs the basilisk!!!
You kill the basilisk!
The fiery explosion engulfs the centaur warrior!
Flame seeps out of the centaur warrior.
The centaur warrior is moderately wounded.
The fiery explosion engulfs the orc knight!
The orc knight explodes!
The fiery explosion engulfs the laughing skull.
The laughing skull resists.
The laughing skull is moderately damaged.
The fiery explosion engulfs the centaur warrior!!
Flame seeps out of the centaur warrior.
The centaur warrior is almost dead.
The fiery explosion engulfs the six-headed hydra!!
The six-headed hydra explodes!
The fiery explosion engulfs you!!!
Ouch! That really hurt!
You die...
Your body falls in perfect tune with the rhythm.

###......##.#
#.....
###....##.##
#.####
###...#..## #.#
###.....# #.# ..
###...### #.#
#.##$###...###
#.# =
....#.###...# #.#
.o.###..#.)z###.#
#.###
.cQ#..Cc.§#c○○@.#
#...#
.zl###..#..°###.#
###.#
#.Q#....#.###...#
#<#
##.#.##[###...###
#######.#
#...H.###...###
#.......#
....###...###
#.#######
..###....##
#####.####
###...#..# #####
#........#
###.......##
#...###.###.##.#


You could see a centaur warrior (inner flame) and a laughing skull.

Vanquished Creatures
  Josephine (D:10)
  Fannar (D:11)
  Erolcha (D:11)
  A hydra (D:11)
  A centaur warrior (D:11)
  A tengu warrior (D:9)
  2 two-headed ogres (D:10)
  An ugly thing (D:11)
  An orc knight (D:11)
  A gargoyle (D:10)
  Maggie (D:10)
  A komodo dragon (D:11)
  4 trolls
  2 vampires
  A shadow (D:7)
  9 yaks
  8 wraiths
  5 wyverns
  A basilisk (D:11)
  Grum (D:8)
  A steam dragon (D:8)
  An ice beast (D:6)
  2 sky beasts
  A laughing skull (D:9)
  2 ogres
  4 centaurs
  6 wolves
  4 phantoms
  A weeping skull (Ossuary)
  5 bullfrogs
  3 gnoll sergeants
  3 scorpions
  A water moccasin zombie (Ossuary)
  14 killer bees
  4 howler monkeys
  7 hounds
  A bombardier beetle (D:7)
  A gnoll bouda (D:10)
  5 orc priests
  Crazy Yiuf (D:3)
  An iguana (D:5)
  A sleepcap (D:8)
  Natasha (thrice) (D:3)
  13 orc wizards
  A crocodile zombie (Ossuary)
  2 mummies (Ossuary)
  Robin (D:3)
  8 adders
  20 gnolls
  A white imp (D:6)
  7 adder zombies (Ossuary)
  6 dart slugs
  3 ribbon worms (D:3)
  37 orcs
  7 endoplasms
  6 giant cockroaches
  17 goblins
  9 hobgoblins
  6 jackals
  9 kobolds
  4 quokkas
  5 ball pythons
  4 bats
  3 frilled lizards
  8 gnoll zombies (Ossuary)
  4 jackal zombies (Ossuary)
  4 orc zombies (Ossuary)
  8 rats
309 creatures vanquished.

Vanquished Creatures (collateral kills)
  A water moccasin zombie (Ossuary)
  A crocodile zombie (Ossuary)
  An orc zombie (Ossuary)
3 creatures vanquished.

Grand Total: 312 creatures vanquished

Notes
Turn   | Place    | Note
-------+----------+-------------------------------------------
     0 | D:5      | fly the Kobold Delver began the quest for the Orb.
     0 | D:5      | Reached XP level 1. HP: 14/14 MP: 1/1
    61 | D:5      | Noticed an ogre
   225 | D:5      | Noticed an iguana
   229 | D:5      | Killed an iguana
   230 | D:5      | Reached skill level 7 in Stealth
   230 | D:5      | Reached XP level 2. HP: 19/19 MP: 2/2
   230 | D:5      | Reached XP level 3. HP: 23/23 MP: 3/3
   280 | D:5      | Found a sand-covered staircase.
   318 | Ossuary  | Entered an ossuary
   341 | Ossuary  | Noticed a weeping skull
   363 | Ossuary  | Killed a weeping skull
   364 | Ossuary  | Reached skill level 8 in Stealth
   364 | Ossuary  | Reached XP level 4. HP: 28/28 MP: 4/4
   364 | Ossuary  | Reached XP level 5. HP: 32/32 MP: 5/5
   627 | Ossuary  | Reached XP level 6. HP: 14/37 MP: 6/6
   733 | Ossuary  | Reached skill level 9 in Stealth
  1028 | D:3      | Noticed Robin
  1455 | D:1      | Reached XP level 7. HP: 25/41 MP: 7/7
  1994 | D:2      | Found a radiant altar of Vehumet.
  2357 | D:2      | Reached skill level 5 in Short Blades
  2497 | D:3      | Noticed Natasha
  2502 | D:3      | Killed Natasha
  2561 | D:3      | Noticed Natasha
  2566 | D:3      | Killed Natasha
  2747 | D:3      | Noticed Natasha
  2755 | D:3      | Killed Natasha
  2756 | D:3      | Reached skill level 5 in Dodging
  3009 | D:3      | Reached skill level 10 in Stealth
  3071 | D:3      | Found a runed translucent door.
  3074 | D:3      | Noticed Crazy Yiuf
  3141 | D:3      | Killed Robin
  3398 | D:3      | Killed Crazy Yiuf
  3610 | D:4      | Reached XP level 8. HP: 46/46 MP: 8/8
  3987 | D:4      | Reached skill level 11 in Stealth
  5065 | D:6      | Found a staircase to the Ecumenical Temple.
  5071 | Temple   | Entered the Ecumenical Temple
  5099 | Temple   | Became a worshipper of Uskayaw the Reveller
  5195 | D:6      | Reached * piety under Uskayaw
  5303 | D:6      | Reached ** piety under Uskayaw
  5605 | D:6      | Reached skill level 12 in Stealth
  5621 | D:6      | Reached XP level 9. HP: 51/51 MP: 9/9
  6041 | D:7      | Reached skill level 13 in Stealth
  6042 | D:7      | Reached *** piety under Uskayaw
  6044 | D:7      | Reached **** piety under Uskayaw
  6085 | D:7      | Noticed a troll
  6111 | D:7      | Killed a troll
  6286 | D:7      | Reached skill level 1 in Ranged Weapons
  6360 | D:7      | Found a shimmering blue altar of Sif Muna.
  6360 | D:7      | Found a burning altar of Makhleb.
  6360 | D:7      | Found an opulent altar of Gozag.
  6365 | D:7      | Reached skill level 1 in Invocations
  6386 | D:7      | Found a sparkling altar of Nemelex Xobeh.
  6386 | D:7      | Found a glowing golden altar of the Shining One.
  6386 | D:7      | Found a hazy altar of Hepliaklqana.
  6388 | D:7      | Found an iron altar of Okawaru.
  6388 | D:7      | Found an ancient bone altar of Kikubaaqudgha.
  6388 | D:7      | Found a snail-covered altar of Cheibriados.
  6508 | D:7      | Reached skill level 14 in Stealth
  6508 | D:7      | Reached XP level 10. HP: 13/56 MP: 7/11
  6866 | D:7      | Found Liyn's Fire Supplies.
  7258 | D:8      | Reached skill level 5 in Ranged Weapons
  7325 | D:8      | Reached skill level 1 in Shields
  7640 | D:8      | Noticed Grum
  7789 | D:8      | Killed Grum
  8082 | D:8      | Reached skill level 5 in Fighting
  8123 | D:8      | Found a staircase to the Lair.
  8705 | D:9      | Reached XP level 11. HP: 61/64 MP: 13/13
  8732 | D:9      | Noticed a two-headed ogre
  8742 | D:9      | Noticed a four-headed hydra
  8988 | D:9      | Noticed a tengu warrior
  9000 | D:9      | Killed a tengu warrior
  9001 | D:9      | Reached skill level 10 in Short Blades
  9178 | D:9      | Found a glowing silver altar of Zin.
  9195 | D:9      | Reached skill level 15 in Stealth
  9436 | D:10     | Entered Level 10 of the Dungeon
  9504 | D:10     | Noticed Josephine
  9683 | D:10     | Killed Josephine
  9836 | D:10     | Noticed Maggie
  9837 | D:10     | Found a staircase to the Orcish Mines.
  9839 | D:10     | Killed Maggie
  9840 | D:10     | Reached skill level 5 in Invocations
 10009 | D:10     | Noticed a two-headed ogre
 10042 | D:10     | Killed a two-headed ogre
 10403 | D:10     | Noticed a two-headed ogre
 10417 | D:10     | Killed a two-headed ogre
 10549 | D:10     | Identified the +2 chain mail of the Grue {Regen+ Int+3}
 10820 | D:11     | Noticed Erolcha
 10824 | D:11     | Killed Erolcha
 10825 | D:11     | Reached skill level 10 in Dodging
 10825 | D:11     | Reached XP level 12. HP: 71/71 MP: 16/16
 10909 | D:11     | Noticed a centaur warrior
 10912 | D:11     | Killed a centaur warrior
 10913 | D:11     | Reached skill level 10 in Ranged Weapons
 11101 | D:11     | Found Quthraf's Armour Boutique.
 11228 | D:11     | Found a radiant altar of Vehumet.
 11228 | D:11     | Noticed Fannar
 11253 | D:11     | Killed Fannar
 11753 | D:11     | Noticed a six-headed hydra
 11753 | D:11     | Noticed a tengu warrior
 11759 | D:11     | Noticed a centaur warrior
 11779 | D:11     | Killed a six-headed hydra
 11779 | D:11     | Killed by an exploding six-headed hydra... ignited by their
                  | inner flame

Illustrated notes

Levels and vault maps discovered:
D:1:      tarquinn_simple_flora_water_f, layout_loops_cross
D:2:      layout_rooms, basic_altar
D:3:      layout_basic, uniq_crazy_yiuf_cottage, uniq_robin, uniq_natasha
D:4:      layout_rooms
D:5:      layout_layer_cave, nicolae_ossuary_entry_false_entrances
D:6:      layout_cave_pods, temple_fountains
D:7:      layout_rooms, nicolae_overflows_in_rows, nicolae_shop_fire_sale
          [nicolae_sub_dead_trees], minmay_manual_moon
D:8:      layout_cave_pods, erik_lair_island, minmay_misc_feat_tiny, uniq_grum
D:9:      layout_cave_pools, zin_statuary, minmay_pinched_square
D:10:     layout_roguey, orc_0_dummy, uniq_maggie, uniq_josephine
D:11:     minmay_the_grid_triangle_9x9_recursive_2_mashed
          [minmay_the_grid_triangle_9x9_prize_insulated,
          minmay_the_grid_triangle_9x9_swiss_cheese,
          minmay_the_grid_triangle_9x9_from_above,
          minmay_the_grid_triangle_9x9_alien], layout_loops_ring, serial_shops,
          shop, vehumet_crystals, uniq_erolcha, uniq_fannar
Temple:   chequers_temple_sunken

Skill      XL: |  1  2  3  4  5  6  7  8  9 10 11 12 |
---------------+-------------------------------------+-----
Short Blades   | 3 4 5 7 8 9 10 11 | 11.3
Dodging        | 3 4 5 6 8 9 10 | 10.4
Stealth        | 7 8 9 10 12 14 15 | 15.8
Ranged Weapons | 3 6 9 10 | 10.7
Invocations    | 1 3 5 6 |  6.1
Fighting       | 5 6 7 |  7.3
Shields        | 2 3 4 |  4.2

Action                     |  1- 3 |  4- 6 |  7- 9 | 10-12 || total
---------------------------+-------+-------+-------+-------++-------
  Melee: Short sword       |    25 |   148 |       |       ||   173
         Dagger            |       |    38 |   419 |   479 ||   936
         Long sword        |       |       |       |    47 ||    47
  Throw: Dart              |       |       |       |     8 ||     8
 Invoke: Stomp             |       |       |     4 |    19 ||    23
         Line Pass         |       |       |     1 |     6 ||     7
  Evoke: Wand              |       |       |       |     5 ||     5
    Use: Potion            |       |     2 |       |     3 ||     5
         Scroll            |       |     5 |     4 |     8 ||    17
   Stab: Sleeping          |     5 |    28 |    58 |    34 ||   125
         Distracted        |       |       |     2 |     5 ||     7
         Confused          |       |       |       |     5 ||     5
         Paralysed         |       |       |       |     4 ||     4
         Invisible         |       |       |       |     1 ||     1
 Armour: Leather armour    |     3 |    54 |   123 |   118 ||   298
         Steam dragon scal |       |       |       |    67 ||    67
  Dodge: Dodged            |    11 |    93 |   234 |   335 ||   673
  Block: Buckler           |       |       |       |    46 ||    46
         Kite shield       |       |       |       |   104 ||   104

Table legend: (Time is in decaauts)
 A = Elapsed time spent in this place.
 B = Non-inter-level travel time spent in this place.
 C = Inter-level travel time spent in this place.
 D = Time resting spent in this place.
 E = Time spent auto-exploring this place.
 F = Levels seen in this place.
 G = Mean time per level.
                   A        B        C        D        E       F      G
               +--------+--------+--------+--------+--------+-----+--------+
         Total |  11484 |  11128 |    356 |    185 |   8279 |  13 |  883.4 |
       Dungeon |  10804 |  10500 |    304 |      0 |   8119 |  11 |  982.2 |
        Temple |     54 |      2 |     52 |      0 |      0 |   1 |   54.0 |
       Ossuary |    625 |    625 |      0 |    185 |    160 |   1 |  625.0 |
               +--------+--------+--------+--------+--------+-----+--------+

Top non-repeatable levels by time:
     D:8: 1400 daAuts
    D:10: 1352 daAuts
     D:5: 1178 daAuts
     D:7: 1148 daAuts
     D:3: 1009 daAuts
    D:11: 981 daAuts
     D:6: 935 daAuts
     D:9: 862 daAuts
     D:1: 747 daAuts
     D:4: 686 daAuts
 Ossuary: 625 daAuts
     D:2: 502 daAuts
  Temple: 54 daAuts
